 Dungeon Crawl Stone Soup version 0.20.0-8-g6b59dc7 (webtiles) character file.

99 grindst0ne the Skirmisher (level 4, -1/31 HPs)
             Began as a Gargoyle Fighter on May 31, 2017.
             Killed by divine providence
             ... invoked by an orc priest
              (8 damage)
             ... on level 2 of the Dungeon.
             The game lasted 00:03:02 (1352 turns).

grindst0ne the Skirmisher (Gargoyle Fighter)        Turns: 1352, Time: 00:03:03

Health: -1/31      AC: 10    Str: 20    XL:     4   Next: 72%
Magic:  4/4        EV:  7    Int:  8    God:
Gold:   50         SH:  9    Dex: 10    Spells: 3/3 levels left

rFire    . . .     SeeInvis .   q - +2 morningstar (drain)
rCold    . . .     Gourm    .   c - +0 shield
rNeg     + . .     Faith    .   b - +0 scale mail
rPois    ∞         Spirit   .   (no helmet)
rElec    +         Reflect  .   (no cloak)
rCorr    .         Harm     .   (no gloves)
MR       .....                  (no boots)
Stlth    ..........             (no amulet)
Regen    0.1/turn               (no ring)
MPRegen  0.1/turn               (no ring)

@: no status effects
A: negative energy resistance 1, electricity resistance, unbreathing,
petrification resistance, rot immunity, AC +3
a: no special abilities


You were on level 2 of the Dungeon.
You were not hungry.

You visited 1 branch of the dungeon, and saw 2 of its levels.

You collected 50 gold pieces.

Inventory:

Hand Weapons
 a - a +0 flail
 q - a +2 morningstar of draining (weapon)
Armour
 b - a +0 scale mail (worn)
 c - a +0 shield (worn)
Jewellery
 e - a cursed ring of teleportation {unknown}
Scrolls
 n - 2 scrolls of identify {unknown}
 o - a scroll of teleportation {unknown}
Potions
 d - a potion of might
 h - 2 potions of magic {unknown}
 i - a potion of heal wounds {unknown}
 j - a potion of mutation {unknown}
 l - a potion of curing {unknown}
 p - a potion of brilliance {unknown}
Comestibles
 f - 2 bread rations
 g - 3 chunks of flesh
 k - a fruit
 m - a royal jelly


   Skills:
 - Level 5.3 Fighting
 - Level 2.0 Maces & Flails
 + Level 4.0 Armour
 - Level 3.2 Shields


You had 3 spell levels left.
You didn't know any spells.

Dungeon Overview and Level Annotations

Branches:
Dungeon (2/15)

Altars:


Innate Abilities, Weirdness & Mutations

You are resistant to torment.
Your stone body is resilient. (AC +3)
You are immune to poison.
You resist negative energy. (rN+)
You are resistant to electric shocks. (rElec)
You can survive without breathing.
You are immune to petrification.
You are immune to rotting.


Message History

Things that are here:
a dagger; a ring mail You see here a morningstar of draining.
q - a morningstar of draining Wield which item (- for none, * to show all)? (? for menu, Esc to quit)
You sense an unholy aura.
q - a +2 morningstar of draining (weapon)
Eating one of 4 chunks of flesh.
You eat one of the 4 chunks of flesh.
This raw flesh tastes terrible.
The orc priest shouts! x2
The orc priest miscasts a cantrip.
The orc priest calls down the wrath of Beogh upon you.
Beogh smites you!
The orc priest mumbles some strange prayers to Beogh against you.
Beogh smites you!
* * * LOW HITPOINT WARNING * * *
The orc priest looks encouraged for a moment.
The orc priest invokes the aid of Beogh against you.
Beogh smites you!
You die...

... #......... ..
#......... .. #.........
#. . #......... #.###
..##...)..... ...
.............÷ #.#
#####......... #.#
#......... # ######@####
#......... #..
#.....)...# #.........
#...#####.........#
#..<......
........).......[.#
#######.##
..........).......####
#.##
.....................####
.##
..........>......o##....#
.##
..........######..o......
.## ....<.....#
#..#...... .##


You could see 2 orc priests.

Vanquished Creatures
  3 gnolls (D:1)
  An adder (D:2)
  A worm (D:2)
  A dart slug (D:1)
  5 leopard geckos (D:2)
  4 orcs (D:2)
  4 bats
  A giant cockroach (D:1)
  3 goblins
  8 hobgoblins
  4 kobolds
  3 frilled lizards
  7 rats
45 creatures vanquished.

Notes
Turn   | Place    | Note
-------+----------+-------------------------------------------
     0 | D:1      | grindst0ne the Gargoyle Fighter began the quest for the Orb.
     0 | D:1      | Reached XP level 1. HP: 14/14 MP: 1/1
   162 | D:1      | Reached XP level 2. HP: 20/20 MP: 2/2
   233 | D:1      | Reached skill level 4 in Fighting
   630 | D:1      | Reached XP level 3. HP: 23/24 MP: 3/3
   637 | D:1      | Reached skill level 5 in Fighting
   690 | D:2      | Reached XP level 4. HP: 30/31 MP: 4/4
  1352 | D:2      | Killed from afar by an orc priest

Skill      XL: |  1  2  3  4 |
---------------+-------------+-----
Fighting       | 4 5 |  5.3
Armour         | 4 |  4.0
Maces & Flails | |  2.0
Shields        | |  3.2

Action                   |  1- 3 |  4- 6 || total
-------------------------+-------+-------++-------
Melee: Flail             |    77 |    94 ||   171
  Eat: Chunk             |       |     2 ||     2
Armor: Scale mail        |    45 |   108 ||   153
Dodge: Dodged            |    21 |    64 ||    85
Block: Shield            |    49 |    82 ||   131
